 Dungeon Crawl Stone Soup version 0.30.1-9-gdf580d7c3d (webtiles) character file.

Game seed: 3150838384147236433

7 Ivernyr the Slasher (level 2, 15/15 HPs)
             Began as a Vine Stalker Gladiator on Sept 30, 2023.
             Got out of the dungeon alive.
             The game lasted 00:01:02 (189 turns).

Ivernyr the Slasher (Vine Stalker Gladiator)         Turns: 189, Time: 00:01:02

Health: 15/15      AC:  4    Str: 16    XL:     2   Next: 0%
Magic:  3/3        EV: 12    Int:  8    God:
Gold:   0          SH:  0    Dex: 15    Spells: 1/1 levels left

rFire   . . .        a - +0 long sword
rCold   . . .        (no shield)
rNeg    . . .        b - +0 leather armour
rPois   .            c - +0 helmet
rElec   .            (no cloak)
rCorr   .            (no gloves)
SInv    .            (no boots)
Will    .....        (no amulet)
Stlth   +            (no ring)
HPRegen 0.22/turn    (no ring)
MPRegen 0.08/turn

%: guardian spirit
@: no status effects
A: fangs 2, magic shield, antimagic bite, no potion heal 2
a: no special abilities


You escaped.
You visited 1 branch of the dungeon, and saw 1 of its levels.

Inventory:

Hand Weapons
 a - a +0 long sword (weapon)
Missiles
 d - 3 throwing nets (quivered)
 e - a javelin
Armour
 b - a +0 leather armour (worn)
 c - a +0 helmet (worn)
Potions
 f - a potion of degeneration {unknown}


   Skills:
 + Level 1.9 Fighting
 * Level 2.9 Long Blades
 - Level 1.7 Throwing
 + Level 0.2 Armour
 + Level 2.5 Dodging


You had one spell level left.
You didn't know any spells.
Your spell library contained the following spells:

 Spells                   Type           Power      Damage    Failure   Level
 Necrotise                Necr           0%         1d4       47%         1


Dungeon Overview and Level Annotations

Branches:
Dungeon (1/15)

Altars:


Innate Abilities, Weirdness & Mutations

You have extremely sharp teeth.
When hurt, damage is shared between your health and your magic reserves.
Your bite disrupts and absorbs the magic of your enemies.
Potions cannot restore your health.


Message History

You slash the goblin!
You kill the goblin!
You see here a +0 club.
f - a sapphire potion You see here a +0 club.
A goblin comes into view. It is wielding a +0 dagger.
A goblin is nearby!
The goblin shouts!
You hit the goblin.
The goblin is severely wounded.
The goblin hits you but does no damage.
You closely miss the goblin.
The goblin is severely wounded.
The goblin misses you. The goblin hits you with a +0 dagger.
You slash the goblin!
You kill the goblin!
Things that are here:
a +0 dagger; a goblin corpse HP restored.
A ball python comes into view.
A ball python is nearby!
The ball python hisses angrily.
You hit the ball python. Your bite misses the ball python.
The ball python is heavily wounded.
The ball python barely misses you. The ball python closely misses you.
You slash the ball python!
You kill the ball python!
You have reached level 2!
Why would you want to do that? Why would you want to do that?
(D) Dungeon
Where to? (? - help)
What level of the Dungeon? (default 1, ? - help)
Things that are here:
a +0 dagger; a goblin corpse A giant cockroach comes into view.
Found a scroll labelled POHOOKHLUIT.
There is a staircase leading out of the dungeon here.
Are you sure you want to leave the Dungeon?
This will make you lose the game!
You have escaped!

##. ## ###... #..
.#.#
#...#.##.####.#.##
#...............?##
#..#########......#
#................#
#.............#..###
#......@B..........
#.............# .#
##............#..#
#|#########.....#
#...........##.##
########.#.###.#
#####...# #.#
#.......# #.#
###.#####.# #.#


You could see a giant cockroach.

Vanquished Creatures
  A ball python (D:1)
  2 goblins (D:1)
  A hobgoblin (D:1)
  A bat (D:1)
  A rat (D:1)
6 creatures vanquished.

Notes
Turn   | Place    | Note
-------+----------+-------------------------------------------
     0 | D:1      | Ivernyr the Vine Stalker Gladiator began the quest for the
                  | Orb.
     0 | D:1      | Reached XP level 1. HP: 11/11 MP: 2/2
    43 | D:1      | Found a faded altar of an unknown god.
    63 | D:1      | Got Plato's Directory of the Grave
   144 | D:1      | Reached XP level 2. HP: 15/15 MP: 3/3
   189 | D:$      | Got out of the dungeon alive.

Illustrated notes

Levels and vault maps discovered:
D:1:      minmay_arrival_semitransparent, layout_loops_corners,
          shapermc_ecumenical_altar_rom_forum, corner_web_ring,
          corexii_item_surrounded_by_moat, roderic_lattice_a, chequers_garden,
          corexii_hall_statues_i

Action                     || total
---------------------------++-------
  Melee: Long sword        ||    15
         Bite              ||     4
 Armour: Leather armour    ||     6
  Dodge: Dodged            ||    11
